 Dungeon Crawl Stone Soup version 0.26-a0-651-gb41185065b (webtiles) character file.

Game seed: 11861069385325141263

133 dracos369 the Conjurer (level 4, 0/35 HPs)
             Began as a Demonspawn Wanderer on Oct 18, 2020.
             Slain by a worm (6 damage)
             ... on level 2 of the Dungeon.
             The game lasted 00:11:46 (3131 turns).

dracos369 the Conjurer (Demonspawn Wanderer)        Turns: 3131, Time: 00:11:46

Health: 0/35       AC:  9    Str: 12    XL:     4   Next: 93%
Magic:  2/5        EV:  8    Int: 14    God:
Gold:   135        SH:  0    Dex: 15    Spells: 4/5 levels left

rFire    . . .     SeeInvis .   k - +0 spear
rCold    . . .     Faith    .   (no shield)
rNeg     . . .     Spirit   .   d - +2 scale mail
rPois    .         Reflect  .   l - +0 helmet
rElec    .         Harm     .   (no cloak)
rCorr    .         Rampage  .   (no gloves)
MR       .....                  (no boots)
Stlth    +.........             (no amulet)
HPRegen  0.11/turn              n - ring of stealth
MPRegen  0.09/turn              (no ring)

@: very slightly contaminated
A: hooves 1, spiny 1, big brain 1
a: no special abilities


You were on level 2 of the Dungeon.
You visited 1 branch of the dungeon, and saw 3 of its levels.

You collected 135 gold pieces.

Inventory:

Hand Weapons
 a - a +0 dagger
 k - a +0 spear (weapon)
Armour
 d - a +2 scale mail (worn)
 l - a +0 helmet (worn)
Jewellery
 n - a ring of stealth (left hand)
Wands
 c - a wand of random effects (15)
 i - a wand of digging (7)
Scrolls
 b - 2 scrolls of blinking
 g - a scroll of magic mapping {unknown}
Potions
 f - 2 potions of lignification
 h - a potion of ambrosia
 m - a potion of might


   Skills:
 - Level 3.0 Fighting
   Level 1.0 Axes
 - Level 1.0 Throwing
 - Level 1.1 Armour
 - Level 1.0 Spellcasting
 + Level 3.1 Conjurations
 + Level 2.7 Air Magic
   Level 1.7 Earth Magic
 - Level 1.0 Evocations


You had 4 spell levels left.
You knew the following spells:

 Your Spells              Type           Power        Failure   Level
z - Shock                 Conj/Air       #...         38%         1

Your spell library contained the following spells:

 Spells                   Type           Power        Failure   Level
 Mephitic Cloud           Conj/Pois/Air  #.......     88%         3


Dungeon Overview and Level Annotations

Branches:
Dungeon (3/15)

Altars:


Innate Abilities, Weirdness & Mutations

You have large cloven feet.
You are partially covered in sharp spines.
You have an unusually large brain. (Int +2)


Message History

Aim: a worm (moderately wounded)
Okay, then.
You are too injured to fight recklessly!
You are too injured to fight recklessly!
Attack whom?
Press: ? - help, Dir - move target cursor, f/p - worm
Aim: a worm (moderately wounded)
You reach to attack!
You barely miss the worm.
The worm is moderately wounded.
Attack whom?
Press: ? - help, Dir - move target cursor, f/p - worm
Aim: a worm (moderately wounded)
You reach to attack!
You barely miss the worm.
The worm is moderately wounded.
You hit the worm. You kick the worm.
The worm is heavily wounded.
You hit the worm. You kick the worm.
The worm is severely wounded.
The worm bites you.
You die...

####...#####....#..........# #.#
.#####.....................# #.#
..# ##########.........#### #.##
#)#### ###..##.#.######... #....#
#.###.......##... ##...#
#..##.......#....
##...#############..#...........)
.................................
##...#####......@w...............
#...# ############.......#....
#...# #............ #####
#.......#.... #########.... #....
#.... #.... ##...


You could see a worm.

Vanquished Creatures
  Robin (D:2)
  2 adders (D:2)
  An ooze (D:3)
  2 dart slugs (D:1)
  A leopard gecko (D:3)
  A ball python (D:3)
  4 giant cockroaches
  25 goblins
  14 hobgoblins
  6 jackals (D:2)
  2 quokkas (D:3)
  6 bats
  3 frilled lizards
  8 kobolds
  7 rats
83 creatures vanquished.

Notes
Turn   | Place    | Note
-------+----------+-------------------------------------------
     0 | D:1      | dracos369 the Demonspawn Wanderer began the quest for the
                  | Orb.
     0 | D:1      | dracos369 set off with the following items: a +0 dagger, a
                  | wand of random effects (15), a +2 scale mail; and the
                  | following spell memorised: Shock; and the following spells
                  | available to memorise: Mephitic Cloud
     0 | D:1      | Reached XP level 1. HP: 18/18 MP: 2/2
   373 | D:1      | Gained mutation: You have an unusually large brain. (Int
                  | +2) [demonic ancestry]
   373 | D:1      | Reached XP level 2. HP: 24/24 MP: 3/3
   377 | D:1      | Reached skill level 1 in Conjurations
   429 | D:1      | Reached skill level 1 in Air Magic
  1264 | D:1      | Gained mutation: You are partially covered in sharp spines.
                  | [demonic ancestry]
  1264 | D:1      | Reached XP level 3. HP: 25/29 MP: 4/4
  2132 | D:2      | Gained mutation: You have large cloven feet. [demonic
                  | ancestry]
  2132 | D:2      | Reached XP level 4. HP: 30/35 MP: 1/5
  2335 | D:2      | Noticed Robin
  2425 | D:2      | Killed Robin
  3131 | D:2      | Slain by a worm

Illustrated notes

Levels and vault maps discovered:
D:1:      enne_arrival_octagon_isle, layout_loops_ring
D:2:      layout_rooms, minmay_goblin_outpost, uniq_robin
D:3:      layout_loops_ring, kennysheep_generic_room_7

Skill      XL: |  1  2  3  4 |
---------------+-------------+-----
Conjurations   | 1 2 3 |  3.1
Air Magic      | 1 2 |  2.7
Fighting       | |  3.0
Axes           | |  1.0
Throwing       | |  1.0
Armour         | |  1.1
Spellcasting   | |  1.0
Earth Magic    | |  1.7
Evocations     | |  1.0

Action                   |  1- 3 |  4- 6 || total
-------------------------+-------+-------++-------
Melee: Dagger            |   172 |    15 ||   187
       Spear             |       |    63 ||    63
       Kick              |       |    23 ||    23
 Cast: Shock             |    18 |     6 ||    24
  Use: Scroll            |       |     5 ||     5
Armor: Scale mail        |    85 |    37 ||   122
Dodge: Dodged            |    77 |    34 ||   111

Table legend: (Time is in decaauts)
 A = Elapsed time spent in this place.
 B = Non-inter-level travel time spent in this place.
 C = Inter-level travel time spent in this place.
 D = Time resting spent in this place.
 E = Time spent auto-exploring this place.
 F = Levels seen in this place.
 G = Mean time per level.
                   A        B        C        D        E       F      G
               +--------+--------+--------+--------+--------+-----+--------+
         Total |   3139 |   3038 |    101 |    801 |   1622 |   3 | 1046.3 |
       Dungeon |   3139 |   3038 |    101 |    801 |   1622 |   3 | 1046.3 |
               +--------+--------+--------+--------+--------+-----+--------+

Top non-repeatable levels by time:
     D:1: 1780 daAuts
     D:2: 1268 daAuts
     D:3: 90 daAuts
